 Dungeon Crawl Stone Soup version 0.21.1-1-g345015f (webtiles) character file.

101 aMcNicky the Charmwright (level 4, -1/34 HPs)
             Began as a Demonspawn Skald on Mar 9, 2018.
             Slain by Crazy Yiuf
             ... wielding a +3 quarterstaff of chaos
              (4 damage)
             ... on level 2 of the Dungeon.
             The game lasted 00:07:41 (2167 turns).

aMcNicky the Charmwright (Demonspawn Skald)         Turns: 2167, Time: 00:07:42

Health: -1/34      AC:  3    Str: 12    XL:     4   Next: 48%
Magic:  4/7        EV: 11    Int: 14    God:
Gold:   59         SH:  0    Dex: 13    Spells: 7/8 levels left

rFire    . . .     SeeInvis .   a - +0 hand axe
rCold    . . .     Gourm    .   (no shield)
rNeg     . . .     Faith    .   b - +0 leather armour
rPois    .         Spirit   .   (no helmet)
rElec    .         Reflect  .   (no cloak)
rCorr    .         Harm     .   (no gloves)
MR       .....                  (no boots)
Stlth    ++........             (no amulet)
HPRegen  0.11/turn              (no ring)
MPRegen  0.10/turn              (no ring)

@: lethally poisoned (-1 -> -9), infused (expiring), drained
A: claws 1, nightstalker 1, powered by death 1
a: no special abilities


You were on level 2 of the Dungeon.
You were not hungry.

You visited 1 branch of the dungeon, and saw 2 of its levels.

You collected 59 gold pieces.

Inventory:

Hand Weapons
 a - a +0 hand axe (weapon)
Armour
 b - a +0 leather armour (worn)
 j - a +1 cloak of magic resistance
Scrolls
 f - 2 scrolls of enchant weapon {unknown}
 g - 3 scrolls of teleportation {unknown}
 k - a scroll of amnesia {unknown}
 m - a scroll of identify {unknown}
Potions
 e - 2 potions of cancellation {unknown}
 h - a potion of brilliance {unknown}
 i - 2 potions of curing {unknown}
Books
 c - a book of Battle

   Spells                             Type                      Level
   a - Infusion                       Charms                       1
   b - Shroud of Golubria             Charms/Translocation         2
   c - Song of Slaying                Charms                       2
   d - Spectral Weapon                Hexes/Charms                 3
   e - Regeneration                   Charms/Necromancy            3
Comestibles
 d - 5 rations


   Skills:
 + Level 2.6(2.0) Fighting
 * Level 2.8(2.3) Axes
 + Level 1.8(1.3) Armour
 - Level 1.7(1.2) Dodging
 + Level 2.5(1.9) Spellcasting
 + Level 3.0(2.5) Charms


You had 7 spell levels left.
You knew the following spells:

 Your Spells              Type           Power        Failure   Level  Hunger
a - Infusion              Chrm           #...         11%         1    ##.....


Dungeon Overview and Level Annotations

Branches:
Dungeon (2/15)

Altars:

Annotations:
D:2 Crazy Yiuf


Innate Abilities, Weirdness & Mutations

You have sharp fingernails.
You are slightly more attuned to the shadows.
You regenerate a little health from kills.


Message History

Crazy Yiuf hits you with a quarterstaff of chaos!
You are poisoned.
Crazy Yiuf says, "Pitchfork!
Gnoll illywillydillykilly tea."
Crazy Yiuf completely misses you.
You are too injured to fight recklessly!
You closely miss Crazy Yiuf.
Crazy Yiuf is heavily wounded.
Your magical infusion is running out.
You feel sick.
Crazy Yiuf hits you with a quarterstaff of chaos.
* * * LOW HITPOINT WARNING * * *
You feel drained.
* * * LOW HITPOINT WARNING * * *
You barely miss Crazy Yiuf.
Crazy Yiuf is heavily wounded.
* * * LOW HITPOINT WARNING * * *
You feel sick.
Crazy Yiuf cries, "Walk!"
Crazy Yiuf hits you with a quarterstaff of chaos.
You die...

........####.........#
#...# #. ........#
##...#'#### #...# #.
#.......###########
###...# #.
###...>.'..# #.'...#
#. #.....#### #####
###...#####. #.....#
#..)# #.....+.....
###.....## #...#
#.#...#####.
.........# #.g.#
#.+.).'.....
########.### #@#
#.#...#####. #.....#
♣♣.♣ #...........
#....## ♣.♣♣
#..########. #....#
♣♣.♣ #....<..###'
#....# ♣.♣♣
#...#.#..... #....#
♣♣.♣♣ #.#.#.#.....
######....## ♣...♣♣
#.#.#.#.....
...........# ♣....♣
#.....#.###.
...........# #....#
#.##.##.# #.


You could see Crazy Yiuf.

Vanquished Creatures
  A hound (D:2)
  An adder (D:2)
  An adder skeleton (D:2)
  A worm (D:1)
  2 leopard geckos
  8 bats
  6 giant cockroaches (D:1)
  5 goblins
  5 hobgoblins
  4 jackals (D:1)
  A frilled lizard (D:1)
  7 kobolds
  8 rats
50 creatures vanquished.

Notes
Turn   | Place    | Note
-------+----------+-------------------------------------------
     0 | D:1      | aMcNicky the Demonspawn Skald began the quest for the Orb.
     0 | D:1      | Reached XP level 1. HP: 16/16 MP: 3/3
    16 | D:1      | Reached skill level 1 in Armour
   324 | D:1      | Gained mutation: You regenerate a little health from kills. [demonic ancestry]
   324 | D:1      | Reached XP level 2. HP: 22/22 MP: 5/5
   552 | D:1      | Gained mutation: You are slightly more attuned to the shadows. [demonic ancestry]
   552 | D:1      | Reached XP level 3. HP: 18/27 MP: 2/6
  1165 | D:2      | Reached skill level 3 in Charms
  1192 | D:2      | Found a runed door.
  1480 | D:2      | Gained mutation: You have sharp fingernails. [demonic ancestry]
  1480 | D:2      | Reached XP level 4. HP: 4/34 MP: 3/7
  2159 | D:2      | Noticed Crazy Yiuf
  2167 | D:2      | Slain by Crazy Yiuf

Skill      XL: |  1  2  3 |
---------------+----------+-----
Armour         | 1 |  1.8
Axes           | 2 |  2.8
Charms         | 3 |  3.0
Fighting       | |  2.6
Dodging        | |  1.7
Spellcasting   | |  2.5

Action                   |  1- 3 |  4- 6 || total
-------------------------+-------+-------++-------
Melee: Hand axe          |   167 |    13 ||   180
 Cast: Infusion          |     8 |     2 ||    10
 Stab: Sleeping          |     1 |       ||     1
  Eat: Chunk             |     2 |     2 ||     4
Armor: Leather armour    |    50 |     3 ||    53
Dodge: Dodged            |   128 |     9 ||   137
